 Dungeon Crawl Stone Soup version 0.30-a0-313-gae38170b09 (webtiles) character file.

Game seed: 16021918065847709318

25 PapaRoan the Trooper (level 3, 0/29 HPs)
             Began as a Human Fighter on Oct 26, 2022.
             Succumbed to an adder's poison
             ... on level 2 of the Dungeon.
             The game lasted 00:04:47 (453 turns).

PapaRoan the Trooper (Human Fighter)                 Turns: 453, Time: 00:04:48

Health: 0/29       AC:  6    Str: 18    XL:     3   Next: 17%
Magic:  3/3        EV:  9    Int:  8    God:
Gold:   0          SH:  4    Dex: 12    Spells: 2/2 levels left

rFire   . . .      SeeInvis .    a - +0 long sword
rCold   . . .      Faith    .    c - +0 buckler
rNeg    . . .      Spirit   .    b - +0 scale mail
rPois   .          Reflect  .    (no helmet)
rElec   .          Harm     .    (no cloak)
rCorr   .          Rampage  .    (no gloves)
Will    .....                    (no boots)
Stlth   ..........               (no amulet)
HPRegen 0.24/turn                (no ring)
MPRegen 0.08/turn                (no ring)

@: mighty, lethally poisoned (0 -> -4)
A: no striking features
a: no special abilities


You were on level 2 of the Dungeon.
You visited 1 branch of the dungeon, and saw 2 of its levels.

Inventory:

Hand Weapons
 a - a +0 long sword (weapon)
 f - a +0 antimagic short sword
 g - a +0 club
Missiles
 e - 5 stones (quivered)
Armour
 b - a +0 scale mail (worn)
 c - a +0 buckler (worn)
Scrolls
 h - a scroll of identify


   Skills:
 + Level 3.4 Fighting
 + Level 2.2 Long Blades
 + Level 3.1 Armour
 + Level 3.3 Shields


You had 2 spell levels left.
You didn't know any spells.
Your spell library was empty.

Dungeon Overview and Level Annotations

Branches:
Dungeon (2/15)

Altars:


Message History

The bat completely misses you. You block the adder's attack.
The frilled lizard bites you.
You closely miss the adder.
The adder is severely wounded.
The adder bites you. The frilled lizard barely misses you.
The bat completely misses you. The adder closely misses you.
The frilled lizard bites you but does no damage.
You miss the adder.
The adder is severely wounded.
The bat hits you but does no damage. x2; The adder bites you.
You are poisoned.
The adder poisons you! The bat hits you but does no damage.
The frilled lizard bites you. The adder completely misses you.
The bat hits you.
You completely miss the adder.
The adder is severely wounded.
You feel very sick. You block the adder's attack.
The frilled lizard bites you but does no damage.
The bat barely misses you. The adder barely misses you.
The frilled lizard bites you but does no damage.
You feel very mighty all of a sudden.
You feel sick. The adder bites you.
* * * LOW HITPOINT WARNING * * *
You are lethally poisoned!
The adder poisons you!
The frilled lizard bites you but does no damage.
The frilled lizard attacks as you move away!
The frilled lizard closely misses you.
* * * LOW HITPOINT WARNING * * *
You feel sick. The bat hits you but does no damage.
You closely miss the adder.
The adder is severely wounded.
* * * LOW HITPOINT WARNING * * *
You feel sick. The bat hits you but does no damage.
The adder closely misses you. You block the adder's attack.
The frilled lizard bites you but does no damage.
You miss the adder.
The adder is severely wounded.
You die...

#. ..##...####.##
###.. ####.##...# #..
.....###.##.#....# ..
.......#.##.#....# ..
..............<..####.
# ...
#...†............# #
....###......†.#.#...#
.
.......Sl...#....##...
.....b.@..............
............#...###.##
.........##.#..... ..
#...###..#.......#.
#... ...#.###.... #.#
....# #..... #. ....
....#


You could see an adder, a bat and a frilled lizard.

Vanquished Creatures
  An adder (D:2)
  4 ball pythons
  2 endoplasms
  2 hobgoblins
  2 kobolds (D:1)
  3 bats (D:1)
  A frilled lizard (D:2)
15 creatures vanquished.

Notes
Turn   | Place    | Note
-------+----------+-------------------------------------------
     0 | D:1      | PapaRoan the Human Fighter began the quest for the Orb.
     0 | D:1      | Reached XP level 1. HP: 18/18 MP: 1/1
   123 | D:1      | Reached XP level 2. HP: 24/24 MP: 2/2
   272 | D:2      | Reached XP level 3. HP: 13/29 MP: 3/3
   452 | D:2      | HP: 1/29 [poisoned by an adder]
   453 | D:2      | Succumbed to an adder's poison

Illustrated notes

Levels and vault maps discovered:
D:1:      lemuel_arrival_funnel, layout_basic
D:2:      minmay_chambers_of_twos, layout_basic, basic_altar,
          kennysheep_small_spiral, minmay_vboxes

Action                   || total
-------------------------++-------
Melee: Long sword        ||    57
  Use: Scroll            ||     1
       Potion            ||     1
Armor: Scale mail        ||    56
Dodge: Dodged            ||    56
Block: Buckler           ||    20

Table legend: (Time is in decaauts)
 A = Elapsed time spent in this place.
 B = Non-inter-level travel time spent in this place.
 C = Inter-level travel time spent in this place.
 D = Time resting spent in this place.
 E = Time spent auto-exploring this place.
 F = Levels seen in this place.
 G = Mean time per level.
                   A        B        C        D        E       F      G
               +--------+--------+--------+--------+--------+-----+--------+
         Total |    472 |    472 |      0 |     91 |      0 |   2 |  236.0 |
       Dungeon |    472 |    472 |      0 |     91 |      0 |   2 |  236.0 |
               +--------+--------+--------+--------+--------+-----+--------+

Top non-repeatable levels by time:
     D:1: 264 daAuts
     D:2: 207 daAuts
